 Dungeon Crawl Stone Soup version 0.21-a0-434-g806c6c2 (webtiles) character file.

427 Ijustatesigmund the Sneak (level 6, 0/38 HPs)
             Began as an Octopode Enchanter on Nov 8, 2017.
             Was an Initiate of Okawaru.
             Succumbed to Qupu's ghost's poison
             ... on level 4 of the Dungeon.
             The game lasted 00:06:22 (2677 turns).

Ijustatesigmund the Sneak (Octopode Enchanter)      Turns: 2677, Time: 00:06:22

Health: 0/38       AC:  3    Str:  7    XL:     6   Next: 97%
Magic:  9/9        EV: 13    Int: 19    God:    Okawaru [......]
Gold:   120        SH:  0    Dex: 13    Spells: 6/9 levels left

rFire    . . .     SeeInvis .   i - -3 dagger (curse)
rCold    . . .     Gourm    .   (no shield)
rNeg     . . .     Faith    .   (helmet restricted)
rPois    .         Spirit   .   (no amulet)
rElec    .         Reflect  .   (no ring)
rCorr    .         Harm     .   (no ring)
MR       .....                  (no ring)
Stlth    ++........             (no ring)
HPRegen  0.12/turn              (no ring)
MPRegen  0.11/turn              (no ring)
                                (no ring)
                                (no ring)

@: lethally poisoned (0 -> -36), glowing
A: almost no armour, stealthy swim, amphibious, 8 rings, constrict 8, slimy
green scales 1, camouflage 1, deterioration 1, frail 1, screaming 1, gelatinous
body 1
a: Renounce Religion


You were on level 4 of the Dungeon.
You worshipped Okawaru.
Okawaru was noncommittal.
You were hungry.

You visited 1 branch of the dungeon, and saw 4 of its levels.

You collected 120 gold pieces.

Inventory:

Hand Weapons
 a - a +2 dagger
 i - a cursed -3 dagger (weapon)
Jewellery
 e - an uncursed ring of fire
Potions
 h - a potion of heal wounds
Books
 b - a book of Maledictions

   Spells                             Type                      Level
   a - Corona                         Hexes                        1
   b - Ensorcelled Hibernation        Hexes/Ice                    2
   c - Confuse                        Hexes                        3
   d - Tukima's Dance                 Hexes                        3
   e - Dazzling Spray                 Conjuration/Hexes            3
Comestibles
 c - 2 bread rations
 d - 2 royal jellies
 j - a meat ration


   Skills:
 + Level 4.0 Fighting
 - Level 3.8 Short Blades
 + Level 2.1 Dodging
 + Level 4.2 Stealth
 - Level 2.0 Spellcasting
 - Level 3.0 Hexes
 - Level 3.2 Ice Magic


You had 6 spell levels left.
You knew the following spells:

 Your Spells              Type           Power        Failure   Level  Hunger
a - Corona                Hex            ##.....      4%          1    #......
b - Ensorcelled Hibernat  Hex/Ice        ##....       7%          2    ###....


Dungeon Overview and Level Annotations

Branches:
Dungeon (4/15)
 Temple: D:4-7

Altars:
Makhleb
Okawaru

Annotations:
D:3 Autsider's ghost, amateur GrFE
D:4 Qupu's ghost, novice SpEn


Innate Abilities, Weirdness & Mutations

You cannot wear most types of armour.
You are very stealthy in the water. (Stealth+)
You are amphibious.
You can wear up to eight rings at the same time.
You can use your tentacles to constrict eight enemies at once.
Your skin changes colour to match your surroundings (Stealth+).
Your rubbery body absorbs attacks. (AC +1, EV +1)
You are partially covered in slimy green scales. (AC +2)
Your body sometimes deteriorates upon taking damage.
You are frail. (-10% HP)
You occasionally shout uncontrollably at your foes.


Message History

You barely miss Qupu's ghost.
You feel sick. Qupu's ghost completely misses you.
You completely miss Qupu's ghost.
You feel sick. Qupu's ghost closely misses you.
You completely miss Qupu's ghost.
You feel sick. Qupu's ghost hits you.
* * * LOW HITPOINT WARNING * * *
You are more poisoned.
You closely miss Qupu's ghost. Your squeeze misses Qupu's ghost.
* * * LOW HITPOINT WARNING * * *
You feel sick.
You completely miss Qupu's ghost.
* * * LOW HITPOINT WARNING * * *
You feel sick. Qupu's ghost hits you.
* * * LOW HITPOINT WARNING * * *
You are more poisoned.
You hit Qupu's ghost but do no damage.
* * * LOW HITPOINT WARNING * * *
You feel sick. Qupu's ghost barely misses you.
You hit Qupu's ghost but do no damage.
You die...

#.##..#.....#..#
#.##....._.....###
#.##..#.....#.....
#.....##...##...##
####..........###
#..#.....###
##.#.##### #.#.#
#.#@# #.#W# #.#.#
#.#.#
#.#.###########
#####.#...........#
#..............##.#
#.....########.##.#
#.....# ##'##.#


You could see Qupu's ghost.

Vanquished Creatures
  Sigmund (D:4)
  An ogre (D:4)
  A bullfrog (D:2)
  A bullfrog skeleton (D:4)
  A gnoll (D:1)
  4 adders
  A worm (D:2)
  A dart slug (D:1)
  3 leopard geckos
  A ball python (D:2)
  3 giant cockroaches
  6 goblins
  8 hobgoblins
  4 kobolds
  2 quokkas
  3 bats
  2 frilled lizards (D:2)
  4 rats
47 creatures vanquished.

Notes
Turn   | Place    | Note
-------+----------+-------------------------------------------
     0 | D:1      | Ijustatesigmund the Octopode Enchanter began the quest for the Orb.
     0 | D:1      | Reached XP level 1. HP: 11/11 MP: 3/3
   229 | D:1      | Reached skill level 1 in Fighting
   256 | D:1      | Reached XP level 2. HP: 15/18 MP: 5/5
   507 | D:1      | Learned a level 2 spell: Ensorcelled Hibernation
   698 | D:1      | Reached XP level 3. HP: 16/24 MP: 1/6
   992 | D:2      | Reached skill level 1 in Ice Magic
  1214 | D:2      | Noticed a bullfrog
  1223 | D:2      | Killed a bullfrog
  1223 | D:2      | Reached XP level 4. HP: 17/30 MP: 2/7
  1459 | D:2      | Reached XP level 5. HP: 36/36 MP: 3/8
  1686 | D:2      | Found a burning altar of Makhleb.
  1872 | D:3      | Noticed Autsider's ghost (amateur GrFE)
  2137 | D:4      | Noticed Sigmund
  2137 | D:4      | Noticed an ogre
  2140 | D:4      | Killed an ogre
  2140 | D:4      | Reached XP level 6. HP: 20/42 MP: 4/9
  2144 | D:4      | Killed Sigmund
  2474 | D:4      | Found an iron altar of Okawaru.
  2495 | D:4      | Became a worshipper of Warmaster Okawaru
  2598 | D:4      | Noticed Qupu's ghost (novice SpEn)
  2626 | D:4      | Gained mutation: You are frail. (-10% HP) [potion of mutation]
  2626 | D:4      | Gained mutation: You occasionally shout uncontrollably at your foes. [potion of mutation]
  2626 | D:4      | Gained mutation: Your body sometimes deteriorates upon taking damage. [potion of mutation]
  2626 | D:4      | Gained mutation: You are partially covered in slimy green scales. (AC +2) [potion of mutation]
  2677 | D:4      | Succumbed to Qupu's ghost's poison

Vault maps used:
D:1:      arrival_zaba_pyramid
D:2:      lemuel_round_altar, first_bread
D:4:      okawaru_gym_becter, grunt_dithmenos_smoke_and_mirrors, uniq_ijyb,
          uniq_sigmund

Skill      XL: |  1  2  3  4  5  6 |
---------------+-------------------+-----
Fighting       | 1 2 3 4 |  4.0
Short Blades   | 2 3 |  3.8
Ice Magic      | 1 2 3 |  3.2
Dodging        | |  2.1
Stealth        | |  4.2
Spellcasting   | |  2.0
Hexes          | |  3.0

Action                   |  1- 3 |  4- 6 || total
-------------------------+-------+-------++-------
Melee: Dagger            |    66 |    65 ||   131
       Constrict         |    15 |     8 ||    23
       Tentacles         |     9 |    12 ||    21
 Cast: Ensorcelled Hiber |     4 |    14 ||    18
  Use: Scroll            |     2 |     4 ||     6
       Potion            |       |     5 ||     5
 Stab: Sleeping          |    10 |    12 ||    22
  Eat: Chunk             |     1 |     5 ||     6
Armor: Skin              |     8 |     7 ||    15
Dodge: Dodged            |    44 |    46 ||    90

Table legend:
 A = Spawn XP
 B = Non-spawn XP
 C = Spawn XP percentage of total XP
 D = Spawn monster count
 E = Non-spawn monster count
 F = Spawn count percentage of total count
 G = Total turns spent on level
                    A         B        C        D         E        F      G
               +---------+---------+-------+---------+---------+-------+---------
         Total |       0 |     610 |   0.0 |       0 |      47 |   0.0 |  2677
               +---------+---------+-------+---------+---------+-------+---------
           D:1 |       0 |      41 |   0.0 |       0 |      15 |   0.0 |   918
           D:2 |       0 |     149 |   0.0 |       0 |      21 |   0.0 |  1034
           D:3 |       0 |      23 |   0.0 |       0 |       6 |   0.0 |   185
           D:4 |       0 |     397 |   0.0 |       0 |       5 |   0.0 |   540
               +---------+---------+-------+---------+---------+-------+---------
